 Dungeon Crawl Stone Soup version 0.23-a0-677-g07611c5 (webtiles) character file.

49483 emperorscorpion the Markscentaur (level 14, -1/126 HPs)
             Began as a Centaur Hunter on Jan 10, 2019.
             Was the Champion of Okawaru.
             Slain by a sixfirhy (9 damage)
             ... summoned by an orc high priest
             ... on level 2 of the Orcish Mines.
             The game lasted 01:06:15 (22861 turns).

emperorscorpion the Markscentaur (Centaur Hunter)  Turns: 22861, Time: 01:06:17

Health: -1/126     AC: 19    Str: 15    XL:     14   Next: 16%
Magic:  24/24      EV: 13    Int: 17    God:    Okawaru [******]
Gold:   1287       SH:  0    Dex: 12    Spells: 15/27 levels left

rFire    . . .     SeeInvis .   a - +0 longbow
rCold    + . .     Gourm    .   (shield currently unavailable)
rNeg     + . .     Faith    .   M - +0 troll leather armour
rPois    .         Spirit   .   p - +2 helmet
rElec    .         Reflect  .   B - scarf {repulsion}
rCorr    .         Harm     .   r - +1 pair of gloves {archery}
MR       +....                  h - +1 centaur barding {rC+}
Stlth    +++.......             x - amulet of magic regeneration
HPRegen  0.71/turn              Y - ring of the Leaf {Wiz rN+ Int+4}
MPRegen  0.44/turn              s - ring of wizardry

@: heroism, repel missiles, very quick
A: large, hooves 3, deformed body, speed 2, tough skin 3
a: Heroism, Finesse, Renounce Religion


You were on level 2 of the Orcish Mines.
You worshipped Okawaru.
Okawaru was exalted by your worship.
You were not hungry.

You visited 3 branches of the dungeon, and saw 18 of its levels.
You also visited: Ossuary.

You collected 1952 gold pieces.
You spent 665 gold pieces at shops.

Inventory:

Hand Weapons
 a - a +0 longbow (weapon)
 b - a +1 shortbow of velocity
 c - a +1 falchion of slicing
 v - a +1 shortbow
 W - a +0 blowgun
Missiles
 d - 62 arrows (quivered)
 X - 5 curare-tipped needles
Armour
 h - a +1 centaur barding of cold resistance (worn)
 p - a +2 helmet (worn)
 r - a +1 pair of gloves of archery (worn)
 B - a scarf of repulsion (worn)
 M - a +0 troll leather armour (worn)
Magical Staves
 m - an uncursed staff of power
Jewellery
 i - an uncursed ring of poison resistance
 q - an uncursed ring of flight
 s - a ring of wizardry (right hand)
 x - an amulet of magic regeneration (around neck)
 H - an uncursed ring of protection from cold
 Y - the ring of the Leaf (left hand) {Wiz rN+ Int+4}
   (You bought it in a shop on level 7 of the Dungeon)

   [ring of wizardry]

   It improves your spell success rate.
   It affects your intelligence (+4).
   It protects you from negative energy.
Wands
 G - a wand of digging (5)
 O - a wand of iceblast (21)
 P - a wand of flame (45)
 Q - a wand of acid (3)
 V - a wand of random effects (24)
Scrolls
 e - 11 scrolls of teleportation
 j - 8 scrolls of amnesia
 l - a scroll of enchant armour
 n - 10 scrolls of remove curse
 u - a scroll of fog
 F - 3 scrolls of magic mapping
 L - a scroll of summoning
 T - 2 scrolls of enchant weapon
 Z - a scroll of holy word
Potions
 k - 2 potions of ambrosia
 o - 2 potions of flight
 t - a potion of might
 w - 5 potions of heal wounds
 z - 2 potions of invisibility
 A - a potion of magic
 C - 6 potions of curing
 K - a potion of agility
 R - a potion of mutation
 S - 5 potions of haste
 U - a potion of brilliance
Miscellaneous
 g - a crystal ball of energy
Comestibles
 f - 23 rations


   Skills:
 + Level 12.1(17.1) Fighting
 + Level 18.5(23.5) Bows
 + Level 4.7(9.7) Armour
 + Level 5.6(10.6) Dodging
 - Level 1.2(6.2) Stealth
 * Level 7.3 Spellcasting
 + Level 4.4 Conjurations
 + Level 1.5 Translocations
 + Level 2.2 Ice Magic
 + Level 3.9 Air Magic
 + Level 3.6 Poison Magic
 + Level 0.4 Evocations


You had 15 spell levels left.
You knew the following spells:

 Your Spells              Type           Power        Failure   Level  Hunger
a - Throw Frost           Conj/Ice       ###...       1%          2    None
b - Blink                 Tloc           N/A          3%          2    None
c - Mephitic Cloud        Conj/Pois/Air  ###.....     2%          3    ##.....
p - Passwall              Tmut/Erth      #.......     5%          2    None
r - Regeneration          Chrm/Necr      #.........   11%         3    ##.....

Your spell library contained the following spells:

 Spells                   Type           Power        Failure   Level  Hunger
 Freeze                   Ice            ##..         1%          1    None
 Magic Dart               Conj           ###.         1%          1    None
 Animate Skeleton         Necr           N/A          4%          1    None
 Beastly Appendage        Tmut           #.....       4%          1    None
 Pain                     Necr           #...         4%          1    None
 Sandblast                Erth           #.....       4%          1    None
 Conjure Flame            Conj/Fire      ##......     4%          3    ##.....
 Stone Arrow              Conj/Erth      ##....       4%          3    ##.....
 Call Imp                 Summ           #.......     5%          2    None
 Slow                     Hex            #.......     5%          2    None
 Sticks to Snakes         Tmut           #.......     5%          2    None
 Spider Form              Tmut/Pois      ##........   5%          3    ##.....
 Ozocubu's Armour         Chrm/Ice       #.......     7%          3    ##.....
 Throw Icicle             Conj/Ice       ###.....     9%          4    ####...
 Vampiric Draining        Necr           #.........   11%         3    ##.....
 Ice Form                 Ice/Tmut       #.......     21%         4    ####...
 Summon Ice Beast         Ice/Summ       #.......     21%         4    ####...
 Animate Dead             Necr           N/A          32%         4    ####...
 Petrify                  Tmut/Erth      #.......     32%         4    ####...
 Blade Hands              Tmut           #.........   65%         5    #####..
 Lee's Rapid Deconstruct  Erth           #.........   65%         5    #####..


Dungeon Overview and Level Annotations

Branches:
Dungeon (15/15)            Temple (1/1) D:5            Lair (0/6) D:10
    Orc (2/2) D:12            Elf (0/3) Orc:2        Vaults (0/5) D:14
 Depths (0/5) D:15

Altars:
Ashenzari
Cheibriados
Dithmenos
Elyvilon
Fedhas
Gozag
Hepliaklqana
Kikubaaqudgha
Makhleb
Nemelex Xobeh
Okawaru
Qazlal
Ru
Sif Muna
Trog
Uskayaw
Vehumet
Wu Jian
Xom
Yredelemnul
Zin
The Shining One

Shops:
D:7 =   D:11 ?   Orc:2 (![%=

Portals:
Trove: D:10 (give +6 demon trident)

Annotations:
D:15 3 runed doors, tstbtto's ghost, adept GrFi


Innate Abilities, Weirdness & Mutations

You have hooves in place of feet.
Armour fits poorly on your strangely shaped body.
You cover ground very quickly.
You have extremely tough skin. (AC +3)


Message History

The orange demon disappears in a puff of smoke!
The orange demon stings you from afar!
* * * LOW HITPOINT WARNING * * *
Firing (i - inventory)
d - 63 arrows (quivered)
Press: ? - help, Shift-Dir - straight line, f/p - red devil
Aim: a red devil, wielding a +0 trident (almost dead, summoned)
You shoot an arrow. The arrow closely misses the sixfirhy.
The arrow hits the orange demon!
The orange demon is moderately wounded.
The red devil disappears in a puff of smoke!
The sixfirhy hits you.
* * * LOW HITPOINT WARNING * * *
The sixfirhy shocks you!
* * * LOW HITPOINT WARNING * * *
The orange demon stings you from afar!
* * * LOW HITPOINT WARNING * * *
The sixfirhy hits you.
* * * LOW HITPOINT WARNING * * *
The sixfirhy shocks you!
You die...

#(.....(.##
..(o.....o##
.....#.#.#.##
.4.§§.#####§##
4......#. ##4#
......#.. ##o#
.[........ #4#
.......#...
#3##
...........
#@# .........
### ......##.
......##
.......##
........##
#.)#.....#
...#....##
....#....#


You could see an orc high priest, an orange demon, a hellwing and a sixfirhy.

Vanquished Creatures
  Gastronok (D:12)
  A fire giant (D:15)
  Snorg (D:12)
  Josephine (D:12)
  Erolcha (D:13)
  An ice dragon (D:14)
  A hydra (D:15)
  A vault guard (D:14)
  5 two-headed ogres
  A centaur warrior (D:14)
  A death knight (D:15)
  A tengu warrior (D:15)
  An ogre mage (D:15)
  Sonja (D:10)
  An unseen horror (D:15)
  3 skeletal warriors (D:15)
  Pikel (D:5)
  A phantasmal warrior (D:15)
  An orb spider (shapeshifter) (D:15)
  3 orc knights (Orc:2)
  7 orc sorcerers
  13 ugly things
  2 cyclopes
  2 deep elf magi (D:14)
  A manticore (D:15)
  Maurice (Orc:1)
  A centaur zombie (D:14)
  4 gargoyles
  An efreet (D:13)
  A kobold demonologist (D:13)
  A komodo dragon (D:15)
  A yaktaur (D:14)
  2 freezing wraiths
  5 trolls
  A dream sheep (shapeshifter) (D:14)
  4 hornets
  10 slime creatures
  2 hippogriffs
  A vampire (D:15)
  A wyvern (D:11)
  9 wraiths
  33 yaks
  A basilisk (D:10)
  A hungry ghost (D:15)
  2 vampire mosquitoes (D:15)
  3 wargs
  2 sky beasts
  2 ice beasts
  4 porcupines (D:10)
  2 black bears
  2 slaves (D:5)
  16 orc warriors
  9 ogres
  2 phantoms
  8 centaurs
  3 crocodiles
  2 big kobolds
  An elf zombie (Ossuary)
  5 bullfrogs
  A wyvern zombie (D:12)
  A water moccasin zombie (D:7)
  A hornet simulacrum (D:15)
  A wyvern skeleton (D:14)
  3 scorpions
  5 killer bees (D:8)
  4 howler monkeys
  4 crimson imps
  A bullfrog zombie (D:5)
  5 jellies
  4 quasits
  10 orc priests
  6 centaur skeletons
  5 bullfrog skeletons
  A human zombie (Ossuary)
  4 hounds
  14 orc wizards
  16 worker ants
  4 iguanas
  A big kobold zombie (Ossuary)
  5 mummies
  A worker ant zombie (D:10)
  A howler monkey zombie (D:6)
  3 gnolls (D:8)
  10 adders
  4 shadow imps
  2 adder skeletons
  An adder zombie (D:5)
  2 worms
  2 leopard geckos
  43 orcs
  A ball python (D:2)
  6 bats
  8 giant cockroaches
  7 goblins
  3 hobgoblins
  14 jackals
  4 quokkas
  4 frilled lizards
  A goblin zombie (Ossuary)
  A hobgoblin zombie (Ossuary)
  3 jackal zombies (Ossuary)
  14 kobolds
  2 kobold zombies
  3 orc zombies
  4 rats
  A rat zombie (Ossuary)
  2 plants (D:10)
439 creatures vanquished.

Vanquished Creatures (collateral kills)
  A worker ant (D:11)
1 creature vanquished.

Vanquished Creatures (others)
  An orc wizard (Orc:2)
  2 bushes (D:10)
  2 fungi (D:10)
  8 plants (D:10)
13 creatures vanquished.

Grand Total: 453 creatures vanquished

Notes
Turn   | Place    | Note
-------+----------+-------------------------------------------
     0 | D:1      | emperorscorpion the Centaur Hunter began the quest for the
                  | Orb.
     0 | D:1      | Reached XP level 1. HP: 17/17 MP: 1/1
   557 | D:1      | Reached XP level 2. HP: 18/24 MP: 2/2
   732 | D:1      | Reached skill level 6 in Bows
  2060 | D:2      | Reached XP level 3. HP: 29/29 MP: 1/3
  2078 | D:2      | Found a glowing silver altar of Zin.
  2958 | D:3      | Found a hide-covered altar of Uskayaw.
  3016 | D:3      | You fall through a shaft!
  3051 | D:4      | Reached XP level 4. HP: 35/36 MP: 1/4
  3228 | D:4      | Reached skill level 1 in Armour
  3843 | D:4      | Reached skill level 7 in Bows
  3843 | D:4      | Reached skill level 1 in Stealth
  3843 | D:4      | Reached XP level 5. HP: 25/42 MP: 5/5
  4106 | D:5      | Entered Level 5 of the Dungeon
  4162 | D:5      | Noticed an ice beast
  4267 | D:5      | Noticed an ogre
  4288 | D:5      | Killed an ogre
  4288 | D:5      | Reached skill level 8 in Bows
  4288 | D:5      | Reached XP level 6. HP: 50/50 MP: 3/6
  4446 | D:5      | Noticed a sky beast
  4506 | D:5      | Killed a sky beast
  4658 | D:5      | Reached skill level 9 in Bows
  4658 | D:5      | Reached XP level 7. HP: 57/57 MP: 7/7
  5064 | D:5      | Reached skill level 10 in Bows
  5071 | D:5      | Noticed Pikel
  5194 | D:5      | HP: 2/57 [Pikel/+1 whip of freezing (2)]
  5216 | D:5      | Killed Pikel
  5216 | D:5      | Reached skill level 11 in Bows
  5216 | D:5      | Reached XP level 8. HP: 6/66 MP: 2/8
  5749 | D:5      | Found a staircase to the Ecumenical Temple.
  5758 | Temple   | Entered the Ecumenical Temple
  5790 | Temple   | Became a worshipper of Warmaster Okawaru
  6536 | D:6      | Reached skill level 12 in Bows
  6772 | D:6      | Found a deep blue altar of Sif Muna.
  7004 | D:6      | Found a sand-covered staircase.
  7015 | Ossuary  | Entered an ossuary
  7705 | D:6      | Learned a level 2 spell: Throw Frost
  8011 | D:7      | Found Obyotinn's Jewellery Boutique.
  8045 | D:7      | Reached * piety under Okawaru
  8420 | D:7      | Reached XP level 9. HP: 73/73 MP: 10/10
  8475 | D:7      | Reached skill level 5 in Fighting
  8555 | D:7      | Reached skill level 1 in Ice Magic
  8584 | D:7      | Learned a level 2 spell: Passwall
  8786 | D:7      | Reached skill level 13 in Bows
  8971 | D:7      | Reached skill level 1 in Conjurations
  9290 | D:8      | Noticed a troll
  9295 | D:8      | Reached skill level 1 in Spellcasting
  9378 | D:8      | Reached ** piety under Okawaru
  9626 | D:8      | Found a blossoming altar of Fedhas.
  9631 | D:8      | Found a stormy altar of Qazlal.
 10094 | D:8      | HP: 3/75 [killer bee (6)]
 10288 | D:8      | Learned a level 2 spell: Blink
 10292 | D:8      | Learned a level 3 spell: Mephitic Cloud
 10398 | D:8      | Killed a troll
 10854 | D:9      | Reached XP level 10. HP: 68/84 MP: 12/12
 10925 | D:9      | Found a white marble altar of Elyvilon.
 11093 | D:9      | Reached *** piety under Okawaru
 11321 | D:9      | Found an ancient bone altar of Kikubaaqudgha.
 11321 | D:9      | Found a sacrificial altar of Ru.
 11326 | D:9      | Found a basalt altar of Yredelemnul.
 11328 | D:9      | Found a burning altar of Makhleb.
 11334 | D:9      | Found a shattered altar of Ashenzari.
 11688 | D:9      | Found an opulent altar of Gozag.
 11850 | D:10     | Entered Level 10 of the Dungeon
 11909 | D:10     | Found an iron altar of Okawaru.
 11918 | D:10     | Found a portal to a secret trove of treasure.
 12031 | D:10     | Reached skill level 14 in Bows
 12394 | D:10     | Reached **** piety under Okawaru
 12455 | D:10     | Reached skill level 1 in Air Magic
 12475 | D:10     | Reached skill level 1 in Poison Magic
 12677 | D:10     | Found a staircase to the Lair.
 12817 | D:10     | Reached ***** piety under Okawaru
 13097 | D:10     | Received a gift from Okawaru
 13099 | D:10     | Reached XP level 11. HP: 84/92 MP: 9/15
 13161 | D:10     | Noticed Sonja
 13177 | D:10     | Killed Sonja
 13177 | D:10     | Reached skill level 5 in Dodging
 13953 | D:7      | Bought the ring of the Leaf {Wiz rN+ Int+4} for 545 gold
                  | pieces
 13959 | D:7      | Learned a level 3 spell: Regeneration
 14293 | D:11     | Received a gift from Okawaru
 14301 | D:11     | You fall through a shaft!
 14363 | D:12     | Reached skill level 1 in Translocations
 14514 | D:12     | Received a gift from Okawaru
 15067 | D:11     | Found Bamuwein's Magic Scroll Shoppe.
 15073 | D:11     | Bought a scroll of holy word for 82 gold pieces
 15073 | D:11     | Bought a scroll of immolation for 38 gold pieces
 15648 | D:12     | Noticed a two-headed ogre
 15664 | D:12     | Killed a two-headed ogre
 15664 | D:12     | Reached skill level 15 in Bows
 16117 | D:12     | Found a staircase to the Orcish Mines.
 16152 | D:12     | Noticed Gastronok
 16173 | D:12     | Killed Gastronok
 16173 | D:12     | Received a gift from Okawaru
 16173 | D:12     | Reached XP level 12. HP: 96/105 MP: 18/18
 16265 | D:12     | Noticed Snorg
 16289 | D:12     | Killed Snorg
 16289 | D:12     | Reached ****** piety under Okawaru
 16546 | D:12     | Noticed Josephine
 16618 | D:12     | Received a gift from Okawaru
 16627 | D:12     | Killed Josephine
 17119 | D:13     | Received a gift from Okawaru
 17140 | D:13     | Noticed Erolcha
 17158 | D:13     | Killed Erolcha
 17158 | D:13     | Reached skill level 10 in Fighting
 17158 | D:13     | Reached skill level 16 in Bows
 17688 | D:14     | Received a gift from Okawaru
 17737 | D:14     | Reached skill level 5 in Spellcasting
 17812 | D:14     | Received a gift from Okawaru
 18179 | D:14     | Received a gift from Okawaru
 18303 | D:14     | Received a gift from Okawaru
 18304 | D:14     | Got a faintly humming shield {god gift}
 18305 | D:14     | Identified the +0 shield "Cydukiro" {Regen+} (Okawaru
                  | gifted it to you on level 14 of the Dungeon)
 18489 | D:14     | Noticed a centaur warrior
 18498 | D:14     | Killed a centaur warrior
 18565 | D:14     | Noticed an ice dragon
 18581 | D:14     | Killed an ice dragon
 18581 | D:14     | Reached XP level 13. HP: 29/116 MP: 21/21
 19092 | D:14     | Found a gate to the Vaults.
 19109 | D:14     | Reached skill level 17 in Bows
 19188 | D:14     | Got a sparkling glass ring
 19189 | D:14     | Identified the ring "Quimull" {Fire Dex+6} (You found it on
                  | level 14 of the Dungeon)
 19339 | D:15     | Entered Level 15 of the Dungeon
 19623 | D:15     | Noticed a minotaur
 19625 | D:15     | Noticed tstbtto's ghost (adept GrFi)
 19635 | D:15     | Found a runed gate.
 19635 | D:15     | Found a runed gate.
 19635 | D:15     | Found a runed gate.
 20180 | D:15     | Received a gift from Okawaru
 20687 | D:15     | Received a gift from Okawaru
 20816 | D:15     | Reached skill level 18 in Bows
 20894 | D:15     | Noticed a fire giant
 20902 | D:15     | HP: 4/117 [fire giant/bolt of fire (32)]
 20903 | D:15     | Killed a fire giant
 21157 | D:15     | Found a staircase to the Depths.
 21233 | D:15     | Paralysed by a hornet for 2 turns
 21548 | Orc:1    | Entered Level 1 of the Orcish Mines
 21551 | Orc:1    | Noticed Maurice
 21666 | Orc:1    | Killed Maurice
 21693 | Orc:1    | Reached XP level 14. HP: 62/125 MP: 20/24
 21984 | Orc:2    | Entered Level 2 of the Orcish Mines
 22020 | Orc:2    | Found Xyufidicia's Jewellery Emporium.
 22020 | Orc:2    | Found Duituxt's Antique Armour Boutique.
 22021 | Orc:2    | Found Yckynix's Distillery.
 22021 | Orc:2    | Found Hotenefi's Food Boutique.
 22021 | Orc:2    | Paralysed by an orc sorcerer for 4 turns
 22367 | Orc:2    | Found Xuseoloz's Antique Weapon Boutique.
 22516 | Orc:2    | Found a staircase to the Elven Halls.
 22861 | Orc:2    | Slain by a sixfirhy

Vault maps used:
D:1:      lightli_arrival_isolated_outpost
D:2:      lemuel_round_altar
D:3:      overflow_temple_1_default, first_ration
D:4:      minmay_door_path, minmay_misc_feat_enclosed
D:5:      minmay_temple_entry_statues_fountains, uniq_pikel
D:6:      led_sif_book, serial_curves, eino_curves_02, eino_curves_02,
          eino_curves_01, nicolae_ossuary_entry_giza
D:7:      serial_shops, nicolae_shop_trees
D:8:      grunt_qazlal_clouds, fedhas_altar_1
D:9:      chequers_temple_overflow_minitemple, marbit_many_paths,
          kennysheep_little_box
D:10:     minmay_lair_entry_grove, basic_altar, nicolae_trove_entry_crystal,
          uniq_sonja
D:11:     serial_shops, shop
D:12:     orc_0_dummy, uniq_snorg, uniq_gastronok, uniq_josephine
D:13:     uniq_erolcha
D:14:     david_vaults_5, serial_rivers, chequers_serial_rivers_micro_e,
          chequers_serial_rivers_small_3, chequers_serial_rivers_micro_a,
          chequers_serial_rivers_small_3, chequers_serial_rivers_room_b
D:15:     grunt_enter_depths_giant_problem, nrook_mini_vaults,
          maelrawn_ghost_gauntlet_escape
Temple:   cyrus_temple_forest
Orc:1:    uniq_maurice
Orc:2:    st_orc_elflike, special_room, serial_shops, shop
Ossuary:  ossuary_minmay_tomb_2a

Skill      XL: |  1  2  3  4  5  6  7  8  9 10 11 12 13 14 |
---------------+-------------------------------------------+-----
Bows           | 6 7 8 9 11 12 13 14 15 16 18 | 18.5
Armour         | 1 2 3 4 |  4.7
Dodging        | 2 3 4 5 |  5.6
Stealth        | 1 |  1.2
Fighting       | 3 4 6 7 9 11 12 | 12.1
Ice Magic      | 1 2 |  2.2
Conjurations   | 1 2 3 4 |  4.4
Spellcasting   | 1 2 4 5 7 |  7.3
Air Magic      | 2 3 |  3.9
Poison Magic   | 1 2 3 |  3.6
Translocations | 1 |  1.5
Evocations     | |  0.4

Action                   |  1- 3 |  4- 6 |  7- 9 | 10-12 | 13-15 || total
-------------------------+-------+-------+-------+-------+-------++-------
Melee: Short sword       |    82 |       |       |       |       ||    82
       Kick              |    15 |     8 |    64 |    47 |       ||   134
       Hand axe          |    53 |    40 |    36 |       |       ||   129
       Falchion          |       |       |   298 |   157 |       ||   455
 Fire: Shortbow          |     9 |    77 |   348 |   938 |    46 ||  1418
       Longbow           |       |       |       |    15 |   546 ||   561
 Cast: Throw Frost       |       |       |    20 |     9 |       ||    29
       Mephitic Cloud    |       |       |     5 |    65 |    51 ||   121
       Blink             |       |       |       |     8 |     5 ||    13
Invok: Heroism           |       |       |     1 |     1 |     2 ||     4
Evoke: Wand              |       |       |     1 |     5 |     2 ||     8
  Use: Scroll            |       |       |    16 |    13 |     4 ||    33
       Potion            |       |       |     3 |       |     2 ||     5
 Stab: Confused          |       |       |       |     5 |       ||     5
  Eat: Chunk             |     5 |     4 |    10 |    27 |     9 ||    55
       Ration            |       |       |     3 |       |     1 ||     4
Armor: Leather armour    |    54 |    20 |   235 |       |       ||   309
       Skin              |       |       |    86 |       |       ||    86
       Troll leather arm |       |       |     2 |   111 |    99 ||   212
Dodge: Dodged            |    64 |    22 |   262 |   180 |   108 ||   636
       Deflected         |       |       |       |    17 |    15 ||    32
       Rpst.: Falchion   |       |       |    52 |    30 |       ||    82

Table legend:
 A = Non-vault XP
 B = Vault XP
 C = Vault XP percentage of total XP
 D = Non-vault monster count
 E = Vault monster count
 F = Vault count percentage of total count
                 A         B        C        D         E       F
            +---------+---------+-------+---------+---------+-------
      Total |   49530 |   21161 |  29.9 |     363 |      73 |  16.7
            +---------+---------+-------+---------+---------+-------
        D:1 |      26 |       0 |   0.0 |      18 |       0 |   0.0
        D:2 |      21 |       0 |   0.0 |      11 |       0 |   0.0
        D:3 |      48 |       0 |   0.0 |      14 |       0 |   0.0
        D:4 |     169 |      38 |  18.4 |       8 |       2 |  20.0
        D:5 |     847 |     651 |  43.5 |      21 |       1 |   4.5
        D:6 |     335 |     100 |  23.0 |      16 |       5 |  23.8
        D:7 |     969 |       0 |   0.0 |      24 |       0 |   0.0
        D:8 |    1671 |       0 |   0.0 |      21 |       0 |   0.0
        D:9 |     923 |       3 |   0.3 |      18 |       1 |   5.3
       D:10 |    3936 |    2569 |  39.5 |      39 |      14 |  26.4
       D:11 |    2114 |       0 |   0.0 |      14 |       0 |   0.0
       D:12 |    5259 |    5502 |  51.1 |      27 |       8 |  22.9
       D:13 |    2728 |    1019 |  27.2 |      20 |       1 |   4.8
       D:14 |    9450 |    4273 |  31.1 |      32 |       7 |  17.9
       D:15 |   17051 |    1765 |   9.4 |      45 |       1 |   2.2
      Orc:1 |    2817 |     480 |  14.6 |      18 |       1 |   5.3
      Orc:2 |    1166 |    4518 |  79.5 |      17 |      16 |  48.5
    Ossuary |       0 |     243 | 100.0 |       0 |      16 | 100.0
            +---------+---------+-------+---------+---------+-------
